 Dungeon Crawl Stone Soup version 0.22-a0-412-g2b68d14 (webtiles) character file.

1284 Kairos the Chopper (level 8, -4/72 HPs)
             Began as a Deep Dwarf Fighter on May 12, 2018.
             Slain by a troll (5 damage)
             ... on level 6 of the Dungeon.
             The game lasted 00:10:03 (5060 turns).

Kairos the Chopper (Deep Dwarf Fighter)             Turns: 5060, Time: 00:10:04

Health: -4/72      AC: 10    Str: 27    XL:     8   Next: 29%
Magic:  6/6        EV:  9    Int:  8    God:
Gold:   108        SH: 11    Dex: 13    Spells: 7/7 levels left

rFire    + . .     SeeInvis .   w - +2 flail (drain)
rCold    + . .     Gourm    +   c - +0 shield
rNeg     . . .     Faith    .   o - +3 scale mail {rF+}
rPois    .         Spirit   .   (no helmet)
rElec    .         Reflect  .   (no cloak)
rCorr    .         Harm     .   (no gloves)
MR       ++...                  (no boots)
Stlth    ..........             i - amulet of the gourmand
HPRegen  0.00/turn              j - ring of protection from cold
MPRegen  0.10/turn              l - ring of protection from magic

@: mighty, non-regenerating
A: damage resistance, heal wounds, sense surroundings 1, no regeneration
a: Heal Wounds


You were on level 6 of the Dungeon.
You were very full.

You visited 2 branches of the dungeon, and saw 7 of its levels.

You collected 288 gold pieces.
You spent 180 gold pieces at shops.

Inventory:

Hand Weapons
 a - a +0 war axe
 p - a +0 hunting sling
 w - a +2 flail of draining (weapon)
Missiles
 h - 3 tomahawks (quivered)
Armour
 b - a +0 scale mail
 c - a +0 shield (worn)
 g - a +0 plate armour
 o - a +3 scale mail of fire resistance (worn)
Jewellery
 i - an amulet of the gourmand (around neck)
 j - a ring of protection from cold (left hand)
 k - an uncursed ring of magical power
 l - a ring of protection from magic (right hand)
Wands
 B - a wand of disintegration (16)
Scrolls
 e - 4 scrolls of identify
 n - a scroll of enchant weapon {unknown}
 r - a scroll of enchant armour {unknown}
 s - 2 scrolls of amnesia {unknown}
 t - a scroll of blinking {unknown}
 v - 2 scrolls of magic mapping {unknown}
 x - 3 scrolls of remove curse {unknown}
 y - a scroll of teleportation {unknown}
 C - a scroll of immolation {unknown}
Potions
 m - 2 potions of flight {unknown}
 q - 4 potions of magic {unknown}
 u - a potion of degeneration {unknown}
 z - a potion of brilliance {unknown}
 A - 2 potions of curing {unknown}
Comestibles
 f - 9 rations


   Skills:
 + Level 4.2 Fighting
 + Level 6.6(6.9) Axes
 + Level 2.6(4.7) Maces & Flails
 + Level 0.2 Throwing
 + Level 5.7 Armour
 + Level 2.1 Dodging
 + Level 1.1 Stealth
 + Level 5.9 Shields


You had 7 spell levels left.
You didn't know any spells.
Your spell library was empty.

Dungeon Overview and Level Annotations

Branches:
Dungeon (6/15)             Temple (1/1) D:6

Altars:
Ashenzari
Cheibriados
Dithmenos
Fedhas
Gozag
Hepliaklqana
Kikubaaqudgha
Nemelex Xobeh
Okawaru
Ru
Sif Muna
Trog
Uskayaw
Vehumet
Xom
Yredelemnul
Zin

Shops:
D:4 !   D:5 [

Annotations:
D:3 galech's ghost, amateur GnWn
D:5 galech's ghost, novice GnWn


Innate Abilities, Weirdness & Mutations

You are resistant to damage.
You can heal yourself by infusing magical energy.
You passively map a small area around you.
You do not regenerate.


Message History

The troll barely misses you.
You sock the troll!
The troll is moderately wounded.
The troll bites you but does no damage. You block the troll's attack.
The troll closely misses you.
You closely miss the troll.
The troll is moderately wounded.
You block the troll's attack. x3
You closely miss the troll.
The troll is moderately wounded.
You block the troll's attack. The troll barely misses you. x2
The troll bites you!
* * * LOW HITPOINT WARNING * * *
You block the troll's attack. The troll claws you.
* * * LOW HITPOINT WARNING * * *
You feel very mighty all of a sudden. The troll bites you.
* * * LOW HITPOINT WARNING * * *
You block the troll's attack. The troll claws you!
You die...

* ###.####
#......##
##........
*####.........
............
#.......... ,
* ##...T[.....
#...@....... ,
##.......... ,
#...........
#...........
##..........,
#..........
#..........
##.........
#.....### ,,


You could see a troll.

Vanquished Creatures
  Menkaure (D:4)
  A water moccasin (D:4)
  A sky beast (D:5)
  An orc warrior (D:4)
  An ogre (D:5)
  A centaur (D:5)
  2 scorpions
  A howler monkey (D:5)
  3 hounds
  A jelly (D:5)
  An iguana (D:4)
  Jessica (D:2)
  Natasha (thrice) (D:2)
  Terence (D:2)
  2 orc wizards
  3 worker ants (D:4)
  A howler monkey skeleton (D:4)
  3 gnolls (D:6)
  5 adders
  A shadow imp (D:6)
  2 oozes
  An adder skeleton (D:6)
  A worm (D:3)
  2 leopard geckos
  13 orcs
  5 giant cockroaches
  6 goblins
  7 hobgoblins
  2 jackals (D:4)
  5 kobolds
  A ball python (D:5)
  6 bats
  2 frilled lizards
  A jackal skeleton (D:4)
  5 rats (D:1)
93 creatures vanquished.

Vanquished Creatures (others)
  A jackal (D:6)
1 creature vanquished.

Grand Total: 94 creatures vanquished

Notes
Turn   | Place    | Note
-------+----------+-------------------------------------------
     0 | D:1      | Kairos the Deep Dwarf Fighter began the quest for the Orb.
     0 | D:1      | Reached XP level 1. HP: 20/20 MP: 1/1
   404 | D:1      | Reached XP level 2. HP: 27/27 MP: 2/2
  1086 | D:2      | Reached XP level 3. HP: 22/33 MP: 3/3
  1328 | D:2      | Noticed Terence
  1334 | D:2      | Killed Terence
  1335 | D:2      | Reached skill level 3 in Axes
  1413 | D:2      | Noticed Jessica
  1418 | D:2      | Noticed Natasha
  1419 | D:2      | Killed Jessica
  1419 | D:2      | Reached XP level 4. HP: 24/40 MP: 4/4
  1432 | D:2      | Killed Natasha
  1474 | D:2      | Noticed Natasha
  1478 | D:2      | Reached skill level 1 in Dodging
  1488 | D:2      | Killed Natasha
  1488 | D:2      | Reached skill level 4 in Axes
  1488 | D:2      | Reached XP level 5. HP: 12/49 MP: 5/5
  1655 | D:2      | Noticed Natasha
  1659 | D:2      | Killed Natasha
  1948 | D:3      | Found a hazy altar of Hepliaklqana.
  2100 | D:3      | Noticed galech's ghost (amateur GnWn)
  2433 | D:3      | Found a radiant altar of Vehumet.
  2630 | D:4      | Reached XP level 6. HP: 34/56 MP: 6/6
  2792 | D:4      | Found an ancient bone altar of Kikubaaqudgha.
  2838 | D:4      | Noticed an orc warrior
  2906 | D:4      | Reached skill level 5 in Axes
  2950 | D:4      | Found Botupiuss's Distillery.
  2963 | D:4      | Bought 2 potions of heal wounds for 120 gold pieces
  2963 | D:4      | Bought a potion of heal wounds for 60 gold pieces
  2984 | D:4      | Noticed Menkaure
  2992 | D:4      | Killed Menkaure
  2992 | D:4      | Reached skill level 1 in Maces & Flails
  3099 | D:4      | Reached XP level 7. HP: 14/62 MP: 7/7
  3187 | D:4      | Reached skill level 5 in Armour
  3187 | D:4      | Reached skill level 5 in Shields
  3623 | D:5      | Entered Level 5 of the Dungeon
  3667 | D:5      | Reached skill level 6 in Axes
  3721 | D:5      | Found Aplus's Antique Armour Shoppe.
  3746 | D:5      | Reached XP level 8. HP: 10/72 MP: 8/8
  3824 | D:5      | Noticed galech's ghost (novice GnWn)
  4767 | D:6      | Found a staircase to the Ecumenical Temple.
  4773 | Temple   | Entered the Ecumenical Temple
  4924 | D:6      | Reached skill level 1 in Stealth
  4989 | D:6      | Noticed a troll
  5060 | D:6      | HP: 1/72 [troll (4)]
  5060 | D:6      | Slain by a troll

Vault maps used:
D:1:      dpeg_chamrin_arrival_tetris, minmay_pentomino_v2
D:2:      minmay_misc_feat_nine_boxes, guppyfry_early_orc_mine, uniq_terence,
          uniq_natasha, uniq_jessica
D:3:      old_standard_altar, vehumet_crystals, first_ration
D:4:      kennysheep_mini_moat, serial_shops, shop, uniq_menkaure
D:5:      serial_shops, nicolae_shop_waterfront
D:6:      elyvilon_altar_4, minmay_temple_entry_enclosed_plants,
          corexii_leaking_fountain, trog_three_pillars_becter
Temple:   jpeg_temple_clearing

Skill      XL: |  1  2  3  4  5  6  7  8 |
---------------+-------------------------+-----
Armour         | 4 5 |  5.7
Axes           | 3 4 5 6 |  6.6
Fighting       | 3 4 |  4.2
Shields        | 4 5 |  5.9
Dodging        | 1 2 |  2.1
Maces & Flails | 1 2 |  2.6
Stealth        | 1 |  1.1
Throwing       | |  0.2

Action                   |  1- 3 |  4- 6 |  7- 9 || total
-------------------------+-------+-------+-------++-------
Melee: War axe           |    95 |   137 |   122 ||   354
       Flail             |       |    38 |    20 ||    58
Throw: Tomahawk          |       |       |     3 ||     3
 Abil: Heal Wounds       |       |       |     4 ||     4
  Use: Potion            |       |     3 |     3 ||     6
       Scroll            |       |       |     1 ||     1
  Eat: Chunk             |     3 |     9 |     8 ||    20
Armor: Plate armour      |    68 |       |       ||    68
       Scale mail        |     2 |    58 |    68 ||   128
Dodge: Dodged            |    21 |    52 |    56 ||   129
Block: Shield            |    50 |    67 |    81 ||   198

Table legend:
 A = Spawn XP
 B = Non-spawn XP
 C = Spawn XP percentage of total XP
 D = Spawn monster count
 E = Non-spawn monster count
 F = Spawn count percentage of total count
 G = Total turns spent on level
                    A         B        C        D         E        F      G
               +---------+---------+-------+---------+---------+-------+---------
         Total |       0 |    1835 |   0.0 |       0 |      93 |   0.0 |  5060
               +---------+---------+-------+---------+---------+-------+---------
           D:1 |       0 |      35 |   0.0 |       0 |      19 |   0.0 |  1066
           D:2 |       0 |     233 |   0.0 |       0 |      20 |   0.0 |   867
           D:3 |       0 |      82 |   0.0 |       0 |      16 |   0.0 |   686
           D:4 |       0 |     761 |   0.0 |       0 |      22 |   0.0 |  1065
           D:5 |       0 |     614 |   0.0 |       0 |       9 |   0.0 |  1050
           D:6 |       0 |     110 |   0.0 |       0 |       7 |   0.0 |   218
               +---------+---------+-------+---------+---------+-------+---------
